Map: King Sejong Station LE

Players

SHODAN - Winner!

  • Race: Terran Terran
  • League: Master

llllllllllll

  • Race: Zerg Zerg
  • League: Master

VOD

Have the link to the VOD?

Description

Time

  • Played on: May 31, 2016, 6:57 p.m.
  • Length: 21:18
Show
View Real Time Build Order
Export as new Build Order

SHODAN Terran - Winner!

Build Orders: Reaper Expand, Hellion Banshee 

Get SALT Encoding   

  12  0:00  SCV  
  13  0:12  SCV  
  14  0:17  Supply Depot  
  14  0:25  SCV  
  15  0:33  Refinery  
  15  0:39  SCV  
  16  0:44  Barracks  
  16  0:51  SCV  
  17  1:03  SCV  
  18  1:15  SCV  
  19  1:31  Reaper  
  19  1:32  Orbital Command  
  20  1:43  Command Center  
  20  1:54  Factory  
  20  1:59  SCV  
  21  2:08  Supply Depot  
  21  2:11  Barracks Reactor  
  21  2:13  SCV  
  22  2:18  Refinery  
  22  2:25  SCV  
  23  2:38  SCV  
  24  2:50  SCV  
  25  2:55  Orbital Command  
  25  2:58  Starport  
  25  2:59  Barracks Tech Lab  
  25  3:02  SCV  
  25  3:03  Hellion x2  
  30  3:09  Supply Depot  
  30  3:14  SCV  
  31  3:24  Hellion x2  
  31  3:25  SCV  
  36  3:29  SCV  
  37  3:37  SCV  
  37  3:39  Supply Depot  
  38  3:47  Banshee  
  43  3:48  Hellion  
  43  3:52  Cloaking Field  
  43  3:54  Hellion  
  45  3:56  SCV  
  45  3:57  SCV  
  47  4:08  SCV  
  47  4:09  SCV, Supply Depot  
  49  4:14  Armory  
  49  4:20  SCV  
  49  4:21  SCV  
  51  4:30  Banshee  
  54  4:32  SCV, Supply Depot  
  54  4:33  SCV  
  54  4:44  SCV  
  56  4:45  SCV  
  55  4:55  Hellion  
  55  4:56  Hellion, SCV  
  55  4:57  SCV  
  55  4:59  Hellion x5  
  61  5:00  Refinery  
  61  5:02  Command Center  
  61  5:08  SCV  
  61  5:09  SCV  
  61  5:10  Terran Vehicle And Ship Armor Level 1  
  63  5:15  Refinery  
  63  5:20  SCV  
  64  5:28  SCV  
  63  5:31  Factory  
  63  5:32  SCV, Factory  
  63  5:34  Factory  
  64  5:40  SCV  
  64  5:41  Banshee  
  68  5:45  SCV  
  69  5:52  SCV  
  69  5:53  Factory  
  69  5:56  Supply Depot  
  70  5:57  SCV, Supply Depot  
  72  6:04  SCV  
  72  6:06  Hellion x2  
  72  6:09  SCV  
  77  6:13  Refinery, Supply Depot  
  77  6:15  Refinery  
  77  6:16  SCV  
  77  6:17  Orbital Command  
  78  6:21  SCV  
  78  6:23  Banshee  
  82  6:26  Factory Tech Lab x2  
  79  6:34  SCV  
  79  6:39  Factory Reactor, Factory Tech Lab  
  80  6:43  Factory  
  80  6:46  SCV x3  
  83  6:48  Factory  
  83  6:57  Infernal Pre-Igniter  
  83  6:58  SCV  
  83  6:59  SCV  
  85  7:02  SCV  
  86  7:09  Hellion x2  
  86  7:11  Terran Vehicle And Ship Armor Level 2, SCV  
  91  7:16  Armory  
  91  7:17  Banshee, Supply Depot  
  91  7:18  Supply Depot  
  91  7:19  SCV x2  
  96  7:23  SCV  
  96  7:25  Supply Depot x2  
  97  7:32  SCV  
  97  7:33  Hellion x3  
  97  7:34  Hellion x2  
  97  7:36  Hellion  
  110  7:40  Supply Depot  
  110  7:50  Hellion x3  
  116  7:52  SCV x2  
  116  7:54  Hellion  
  120  8:12  Hellion x8  
  136  8:16  Hellion  
  136  8:19  Command Center  
  135  8:34  Hellion  
  135  8:37  Cyclone x2, Factory Reactor  
  135  8:38  Factory Reactor  
  145  8:46  Starport Reactor  
  131  8:55  Cyclone  
  119  9:03  Widow Mine  
  119  9:04  Widow Mine x3  
  119  9:09  Cyclone x2  
  135  9:18  Engineering Bay, Terran Vehicle Weapons Level 1  
  135  9:23  Command Center, Widow Mine x2  
  139  9:27  Cyclone  
  139  9:29  Medivac, Refinery  
  139  9:30  Medivac  
  147  9:33  Refinery  
  145  9:39  Widow Mine x4  
  145  9:41  Cyclone  
  153  9:53  Cyclone x2, Planetary Fortress  
  159  10:01  Cyclone, Widow Mine x2  
  159  10:04  Hellion x11  
  167  10:11  Factory  
  163  10:30  SCV x2  
  165  10:38  Planetary Fortress  
  165  10:40  Cyclone x2  
  167  10:51  Sensor Tower, Cyclone  
  167  10:52  Missile Turret, Cyclone  
  167  10:53  Hellion x4  
  167  10:54  Hellion x2  
  167  10:55  Factory Tech Lab  
  179  11:12  Cyclone x2  
  179  11:18  Cyclone  
  179  11:19  Hellion x2  
  179  11:21  Hellion x2  
  187  11:34  Cyclone, Hellion  
  187  11:35  Cyclone  
  179  11:44  Cyclone x2, Hellion x2  
  187  11:54  Mag-Field Accelerator, Drilling Claws  
  187  12:01  Terran Vehicle Weapons Level 2  
  187  12:02  Terran Vehicle And Ship Armor Level 3  
  187  12:03  Widow Mine x3  
  187  12:04  Cyclone, Hellion, Building Armor  
  199  12:14  Cyclone x2  
  189  12:31  Cyclone x2, Hellion  
  189  12:32  Hellion x4  
  189  12:36  Cyclone  
  173  12:39  SCV  
  173  12:40  Widow Mine  
  156  12:46  Cyclone x2  
  164  12:52  Widow Mine x2  
  164  12:55  Hellion x3  
  164  13:03  Cyclone x2  
  168  13:08  Hellion  
  168  13:09  Hellion  
  164  13:16  Hellion  
  164  13:17  Hellion x2  
  164  13:18  Cyclone x2  
  167  13:21  Hellion  
  167  13:22  Hellion  
  170  13:29  Cyclone  
  170  13:31  Hellion  
  174  13:35  Cyclone, Hellion  
  174  13:38  Hellion x2  
  171  13:50  Cyclone x2  
  171  13:57  Cyclone  
  171  14:02  Cyclone  
  175  14:07  Cyclone, Hellion x3  
  181  14:19  Command Center  
  181  14:20  Command Center  
  181  14:22  Cyclone, Hellion  
  181  14:23  Cyclone  
  172  14:29  Cyclone  
  172  14:30  Hellion x2  
  176  14:44  Cyclone x2  
  176  14:45  Hellion x2  
  170  14:55  Cyclone  
  174  15:05  Cyclone  
  170  15:22  Cyclone x2  
  170  15:23  Hellion x4  
  178  15:34  Hellion x2  
  152  15:44  Orbital Command  
  152  16:02  Siege Tank x3  
  152  16:03  Siege Tank x2  
  167  16:04  Widow Mine  
  165  16:15  Widow Mine x4  
  171  16:25  Planetary Fortress  
  171  16:32  Refinery  
  171  16:33  Terran Vehicle Weapons Level 3  
  171  16:34  Terran Ship Weapons Level 1  
  171  16:42  Refinery  
  171  16:43  Refinery  
  171  16:48  Siege Tank x2  
  171  16:49  Siege Tank  
  171  16:50  Siege Tank  
  183  17:11  Siege Tank  
  190  17:26  Siege Tank x2  
  194  17:30  Viking x2  
  196  17:43  Cyclone, Thor  
  198  17:52  Missile Turret  
  198  17:53  Missile Turret  
  198  17:55  Missile Turret  
  195  18:00  Viking x2  
  196  18:46  Missile Turret x2  
  196  19:00  Thor  
  196  19:30  Viking  
  196  19:31  Viking  
  175  20:00  Viking  
  175  20:01  Viking  
  175  20:05  Thor x3  
  157  20:30  Viking  
  157  20:31  Viking  
  161  20:37  Cyclone x2  
  161  20:38  Hellion x6  
  175  20:48  Hellion x3  
  167  21:08  Command Center  
Show
View Real Time Build Order
Export as new Build Order

llllllllllll Zerg 

Build Orders: Hatch First 

Get SALT Encoding   

  12  0:00  Drone  
  13  0:12  Overlord  
  13  0:17  Drone  
  14  0:30  Drone  
  14  0:31  Drone  
  14  0:34  Drone  
  17  0:52  Hatchery  
  17  0:55  Drone  
  17  0:58  Drone  
  18  1:06  Drone  
  18  1:08  Extractor  
  18  1:17  Spawning Pool  
  17  1:22  Drone  
  18  1:28  Drone  
  19  1:38  Overlord  
  19  1:49  Drone  
  20  2:03  Queen  
  20  2:04  Zergling x4  
  20  2:05  Queen  
  20  2:07  Metabolic Boost  
  26  2:11  Drone  
  27  2:16  Drone  
  27  2:21  Drone  
  29  2:26  Drone  
  30  2:35  Hatchery  
  29  2:38  Drone  
  29  2:44  Overlord  
  30  2:48  Drone  
  31  2:52  Queen  
  31  2:57  Drone  
  34  2:58  Drone  
  34  2:59  Drone  
  34  3:04  Overlord  
  36  3:15  Queen  
  36  3:18  Drone x4  
  42  3:20  Drone  
  42  3:23  Drone  
  44  3:30  Baneling Nest  
  44  3:32  Queen  
  45  3:36  Overlord  
  45  3:39  Drone  
  45  3:40  Drone  
  47  3:46  Roach Warren  
  47  3:48  Drone  
  47  3:49  Extractor  
  47  3:50  Drone  
  47  3:52  Drone  
  48  3:57  Queen  
  48  4:01  Zergling x4  
  52  4:06  Spore Crawler  
  51  4:10  Zergling x6  
  51  4:13  Zergling x4  
  56  4:24  Overlord  
  58  4:45  Lair  
  56  4:47  Drone x2  
  56  4:48  Drone x2  
  56  4:50  Drone x8  
  67  4:55  Spore Crawler  
  67  4:56  Drone  
  67  5:01  Drone x2  
  67  5:04  Spore Crawler  
  64  5:09  Zergling x4  
  64  5:11  Baneling x6  
  64  5:12  Baneling  
  66  5:16  Roach x4  
  66  5:19  Overlord  
  73  5:25  Overlord  
  73  5:28  Overlord  
  73  5:34  Evolution Chamber, Spore Crawler  
  71  5:36  Evolution Chamber, Overlord  
  71  5:37  Extractor, Drone  
  71  5:38  Drone x3  
  71  5:39  Drone  
  71  5:42  Drone  
  75  5:46  Overseer  
  75  5:48  Glial Reconstitution, Drone x2  
  77  5:52  Infestation Pit  
  77  5:56  Drone  
  74  6:00  Drone  
  74  6:02  Drone x2  
  76  6:06  Drone x3  
  76  6:07  Extractor  
  76  6:10  Zerg Missile Weapons Level 1  
  78  6:12  Drone x2  
  78  6:18  Drone x4  
  84  6:20  Drone  
  84  6:25  Drone  
  86  6:31  Pathogen Glands  
  86  6:32  Drone x2  
  88  6:33  Overseer  
  88  6:35  Drone  
  89  6:40  Hatchery  
  89  6:41  Drone x2  
  89  6:44  Extractor  
  89  6:45  Extractor, Drone x4  
  93  6:47  Drone x3  
  93  6:53  Zerg Ground Armor Level 1, Overlord x2  
  95  6:57  Drone x2  
  95  6:58  Drone x2  
  99  7:08  Drone  
  99  7:09  Hive  
  99  7:17  Drone  
  99  7:18  Drone x8  
  108  7:26  Infestor  
  108  7:28  Extractor  
  109  7:32  Extractor, Overlord  
  109  7:36  Hydralisk Den  
  107  7:38  Overlord x2  
  107  7:41  Infestor  
  107  7:43  Hatchery, Drone x2  
  107  7:44  Drone x3  
  111  7:45  Drone x2  
  111  7:48  Overlord x3  
  115  7:53  Spore Crawler  
  115  7:56  Spore Crawler  
  111  8:09  Hydralisk  
  111  8:10  Hydralisk x7  
  133  8:22  Hydralisk  
  135  8:31  Hatchery  
  135  8:34  Hydralisk x3  
  130  8:42  Viper x2  
  134  8:51  Zerg Missile Weapons Level 2  
  132  8:58  Hydralisk x2  
  132  9:02  Queen x2, Overlord x2  
  134  9:08  Drone x5  
  141  9:10  Extractor  
  141  9:11  Extractor  
  141  9:17  Drone x3  
  140  9:18  Spore Crawler, Overlord x3  
  140  9:19  Drone x2  
  140  9:20  Drone  
  144  9:24  Hydralisk x2  
  144  9:25  Hydralisk  
  144  9:28  Hydralisk  
  144  9:30  Spore Crawler  
  151  9:32  Spine Crawler  
  151  9:34  Hydralisk x3  
  151  9:38  Hydralisk  
  158  9:46  Queen x2  
  158  9:49  Hydralisk x3  
  158  9:50  Hydralisk  
  156  9:55  Roach x2  
  156  9:58  Roach  
  162  10:01  Roach  
  162  10:04  Spine Crawler  
  162  10:05  Roach  
  165  10:07  Roach x2  
  165  10:13  Hydralisk x4  
  175  10:21  Overlord  
  175  10:24  Roach x3  
  175  10:27  Overseer x2  
  179  10:28  Pneumatized Carapace  
  179  10:33  Spire  
  178  10:41  Zerg Ground Armor Level 2  
  158  10:57  Roach x3  
  158  10:58  Roach x9  
  180  11:06  Hatchery  
  180  11:07  Extractor  
  180  11:09  Hydralisk x4, Extractor  
  180  11:10  Hydralisk  
  180  11:11  Queen x2  
  183  11:14  Overlord  
  183  11:18  Overlord  
  187  11:24  Hydralisk x3  
  185  11:30  Roach  
  185  11:31  Roach  
  187  11:37  Roach x2  
  185  11:46  Infestor x4  
  191  11:50  Greater Spire  
  191  12:03  Spine Crawler x2  
  187  12:10  Roach x6  
  185  12:24  Roach x7  
  195  12:31  Roach  
  195  12:32  Roach x2  
  189  12:45  Drone x4  
  189  12:46  Drone  
  189  12:47  Drone x3  
  181  13:04  Overseer x4  
  162  13:06  Hydralisk x8  
  157  13:15  Spine Crawler, Spore Crawler  
  157  13:17  Spine Crawler  
  157  13:18  Hatchery  
  157  13:19  Roach x9  
  165  13:23  Overseer  
  153  13:37  Roach x5  
  145  13:52  Infestor x7  
  145  13:58  Infestor x3  
  133  14:11  Roach  
  133  14:12  Roach x6  
  145  14:21  Roach x3  
  145  14:23  Roach  
  122  14:28  Roach  
  122  14:30  Drone  
  117  14:40  Roach x3  
  117  14:42  Roach x2  
  117  14:45  Roach  
  117  14:47  Roach  
  115  14:54  Roach x2  
  115  14:59  Roach  
  121  15:00  Roach  
  121  15:01  Roach  
  121  15:04  Roach x2  
  115  15:11  Roach x4  
  123  15:16  Roach x3  
  117  15:22  Roach  
  117  15:23  Roach  
  117  15:27  Roach x2  
  117  15:28  Roach  
  115  15:34  Roach  
  103  15:37  Roach  
  103  15:38  Roach x2  
  103  15:39  Ravager x2  
  103  15:40  Ravager x8  
  117  15:49  Hydralisk x4  
  123  15:52  Roach  
  127  15:58  Roach  
  127  16:01  Roach x2  
  127  16:02  Overseer  
  131  16:14  Infestor x2  
  131  16:16  Infestor  
  131  16:17  Hydralisk  
  131  16:18  Hydralisk  
  141  16:26  Corruptor  
  141  16:28  Corruptor  
  145  16:35  Overlord x2  
  145  16:38  Overlord  
  145  16:47  Corruptor x2  
  145  16:50  Hatchery  
  148  16:56  Ravager x2  
  148  16:57  Ravager  
  153  17:02  Brood Lord  
  153  17:05  Viper x2  
  161  17:08  Brood Lord  
  161  17:11  Roach  
  161  17:12  Roach x3  
  169  17:26  Brood Lord, Overlord x2  
  169  17:28  Brood Lord  
  173  17:42  Queen  
  169  17:51  Queen  
  171  17:59  Corruptor x3  
  171  18:05  Drone  
  178  18:21  Corruptor x4  
  178  18:22  Corruptor  
  185  18:35  Queen x2  
  185  18:38  Zerg Flyer Armor Level 1  
  183  18:43  Queen  
  185  18:50  Corruptor x4  
  188  19:04  Corruptor x3  
  192  19:17  Viper  
  188  19:34  Queen x3  
  182  19:49  Corruptor x5  
  178  20:03  Corruptor x3  
  178  20:04  Corruptor  
  140  20:31  Brood Lord x3  
  142  20:38  Roach  
  134  20:49  Roach x2  
  135  20:50  Roach  
Tags
 
Add a new tag
Caveats
  • Supply blocks, unpowered buildings, or Contaminate may cause inaccurate times.
  • Supply counts are checked every 10 seconds.